 Dungeon Crawl Stone Soup version 0.21-a0-529-g8c7b3f5 (webtiles) character file.

28 slep the Chopper (level 3, 0/27 HPs)
             Began as a Demonspawn Gladiator on Dec 12, 2017.
             Slain by an adder (3 damage)
             ... on level 3 of the Dungeon.
             The game lasted 00:02:47 (643 turns).

slep the Chopper (Demonspawn Gladiator)              Turns: 643, Time: 00:02:48

Health: 0/27       AC:  6    Str: 14    XL:     3   Next: 0%
Magic:  3/3        EV: 13    Int:  9    God:
Gold:   76         SH:  0    Dex: 15    Spells: 2/2 levels left

rFire    . . .     SeeInvis .   a - +0 war axe
rCold    . . .     Gourm    .   (no shield)
rNeg     . . .     Faith    .   b - +0 leather armour
rPois    .         Spirit   .   c - +0 helmet
rElec    .         Reflect  .   (no cloak)
rCorr    .         Harm     .   (no gloves)
MR       .....                  (no boots)
Stlth    ++........             (no amulet)
HPRegen  0.09/turn              (no ring)
MPRegen  0.08/turn              (no ring)

@: lethally poisoned (0 -> -7)
A: icy blue scales 1, nightstalker 1
a: no special abilities


You were on level 3 of the Dungeon.
You were not hungry.

You visited 1 branch of the dungeon, and saw 3 of its levels.

You collected 76 gold pieces.

Inventory:

Hand Weapons
 a - a +0 war axe (weapon)
 m - a +2 spear of piercing
Missiles
 d - 3 throwing nets (quivered)
Armour
 b - a +0 leather armour (worn)
 c - a +0 helmet (worn)
Jewellery
 l - an uncursed amulet of magic regeneration {unknown}
Scrolls
 e - 2 scrolls of fog {unknown}
 i - 2 scrolls of remove curse {unknown}
 j - a scroll of immolation {unknown}
 k - 2 scrolls of identify {unknown}
Potions
 h - 3 potions of curing {unknown}
Comestibles
 f - a bread ration
 g - a royal jelly
 n - a chunk of flesh


   Skills:
 + Level 2.1 Fighting
 + Level 3.2 Axes
 + Level 1.9 Throwing
 + Level 0.7 Armour
 + Level 2.9 Dodging


You had 2 spell levels left.
You didn't know any spells.

Dungeon Overview and Level Annotations

Branches:
Dungeon (3/15)

Altars:
Dithmenos

Annotations:
D:2 Sigmund


Innate Abilities, Weirdness & Mutations

You are partially covered in icy blue scales. (AC +2)
You are slightly more attuned to the shadows.


Message History

You miss the frilled lizard.
The frilled lizard bites you but does no damage.
You barely miss the frilled lizard. The frilled lizard closely misses you.
You hit the frilled lizard.
You kill the frilled lizard!
You have reached level 3!
Your experience leads to an increase in your attributes!
Increase (S)trength, (I)ntelligence, or (D)exterity?
You feel agile.
Your demonic ancestry asserts itself...
You slip into the darkness of the dungeon.
You feel sick. The adder bites you but does no damage.
You barely miss the adder. The adder barely misses you.
You miss the adder. The adder bites you.
* * * LOW HITPOINT WARNING * * *
You are lethally poisoned!
The adder poisons you! The adder misses you.
You closely miss the adder.
* * * LOW HITPOINT WARNING * * *
You feel sick. The adder barely misses you. The adder bites you.
You die...

###
#@#
#S#
#.#
#.#
#.#
#.#
#.#
#.#


You could see an adder.

Vanquished Creatures
  2 dart slugs
  5 bats (D:1)
  A giant cockroach (D:1)
  3 hobgoblins
  2 jackals (D:1)
  3 kobolds (D:1)
  3 frilled lizards
  2 goblins (D:1)
  2 rats (D:1)
23 creatures vanquished.

Notes
Turn   | Place    | Note
-------+----------+-------------------------------------------
     0 | D:1      | slep the Demonspawn Gladiator began the quest for the Orb.
     0 | D:1      | Reached XP level 1. HP: 16/16 MP: 1/1
   166 | D:1      | Gained mutation: You are partially covered in icy blue scales. (AC +2) [demonic ancestry]
   166 | D:1      | Reached XP level 2. HP: 21/22 MP: 2/2
   310 | D:1      | Reached skill level 3 in Axes
   599 | D:2      | Found a shadowy altar of Dithmenos.
   627 | D:2      | Noticed Sigmund
   640 | D:3      | Gained mutation: You are slightly more attuned to the shadows. [demonic ancestry]
   640 | D:3      | Reached XP level 3. HP: 8/27 MP: 3/3
   643 | D:3      | Slain by an adder

Vault maps used:
D:1:      lightli_arrival_chessboard, minmay_tetromino_i4
D:2:      lemuel_round_altar, gammafunk_temple_overflow_wave, first_bread,
          grunt_dithmenos_smoke_and_mirrors, uniq_sigmund
D:3:      wad_river_or_something, elyvilon_altar_4, bloody_trog,
          minmay_misc_feat_enclosed

Skill      XL: |  1  2 |
---------------+-------+-----
Axes           | 3 |  3.2
Fighting       | |  2.1
Throwing       | |  1.9
Armour         | |  0.7
Dodging        | |  2.9

Action                   || total
-------------------------++-------
Melee: War axe           ||    83
Armor: Leather armour    ||    40
Dodge: Dodged            ||    84

Table legend:
 A = Spawn XP
 B = Non-spawn XP
 C = Spawn XP percentage of total XP
 D = Spawn monster count
 E = Non-spawn monster count
 F = Spawn count percentage of total count
 G = Total turns spent on level
                    A         B        C        D         E        F      G
               +---------+---------+-------+---------+---------+-------+---------
         Total |       0 |      41 |   0.0 |       0 |      23 |   0.0 |   643
               +---------+---------+-------+---------+---------+-------+---------
           D:1 |       0 |      34 |   0.0 |       0 |      20 |   0.0 |   591
           D:2 |       0 |       6 |   0.0 |       0 |       2 |   0.0 |    44
           D:3 |       0 |       1 |   0.0 |       0 |       1 |   0.0 |     8
               +---------+---------+-------+---------+---------+-------+---------
